 Dungeon Crawl Stone Soup version 0.31-a0-237-g2d982f9f85 (webtiles) character file.

Game seed: 15095668266381558484

126 qw the Shooter (level 5, 0/30 HPs)
             Began as a Gargoyle Hexslinger on July 11, 2023.
             Slain by a gnoll
             ... wielding a +0 spear
              (4 damage)
             ... on level 4 of the Dungeon.
             The game lasted 00:01:02 (2428 turns).

qw the Shooter (Gargoyle Hexslinger)                Turns: 2428, Time: 00:01:02

Health: 0/30       AC: 10    Str: 11    XL:     5   Next: 10%
Magic:  6/6        EV: 12    Int: 14    God:
Gold:   991        SH:  0    Dex: 23    Spells: 5/6 levels left

rFire   + . .        Y - +1 sling
rCold   + . .        (no shield)
rNeg    + . .        b - +3 leather armour of the Zebra {rElec Dex+3}
rPois   inf          (no helmet)
rElec   +            o - scarf {rC+ rF+}
rCorr   .            (no gloves)
SInv    .            (no boots)
Will    .....        i - amulet of faith
Stlth   ++           k - +6 ring of dexterity
HPRegen 0.25/turn    (no ring)
MPRegen 0.10/turn

%: faith
@: no status effects
A: sickness immunity, AC +4, negative energy resistance 1, electricity
resistance, torment resistance 1, petrification resistance
a: no special abilities


You were on level 4 of the Dungeon.
You visited 1 branch of the dungeon, and saw 4 of its levels.

You collected 991 gold pieces.


Innate Abilities, Weirdness & Mutations

You are immune to sickness and miasma.
Your stone body is resilient. (AC +4)
You are immune to poison.
You resist negative energy. (rN+)
You are resistant to electric shocks. (rElec)
You are resistant to unholy torment.
You are immune to petrification.


   Skills:
 - Level 2.0 Fighting
 + Level 4.6 Ranged Weapons
 - Level 1.3 Armour
 - Level 1.5 Dodging
 - Level 1.0 Spellcasting
 - Level 2.6 Hexes


You had 5 spell levels left.
You knew the following spells:

 Your Spells              Type           Power      Damage    Failure   Level
a - Slow                  Hex            32%        N/A       12%         1

Your spell library contained the following spells:

 Spells                   Type           Power      Damage    Failure   Level
 Inner Flame              Hex/Fire       4%         N/A       52%         3
 Portal Projectile        Hex/Tloc       8%         N/A       52%         3
 Cause Fear               Hex            4%         N/A       75%         4

Inventory:

Hand Weapons
 Y - a +1 sling (weapon)
Armour
 b - the +3 leather armour of the Zebra (worn) {rElec Dex+3}
   (You found it on level 3 of the Dungeon)

   Dex:       It affects your dexterity (+3).
   rElec:     It insulates you from electricity.
 o - a scarf of resistance (worn)
Jewellery
 i - an amulet of faith (around neck)
 k - a +6 ring of dexterity (left hand)
Scrolls
 f - a scroll of blinking {unknown}
Potions
 a - a potion of resistance
 c - a potion of ambrosia {unknown}
 d - a potion of haste {unknown}
 g - a potion of curing {unknown}
 h - a potion of mutation {unknown}
 j - a potion of enlightenment {unknown}
 n - a potion of heal wounds {unknown}

Dungeon Overview and Level Annotations

Branches:
Dungeon (4/15)
 Temple: D:4-7

Altars:
Dithmenos

Annotations:
D:2 1 runed translucent door, Crazy Yiuf
D:3 2 transporters, qw's ghost, amateur MiHs


Message History

Found a stone staircase leading up.
You start to feel less resistant.
f - a scroll labelled ILEONT YNAT A kobold comes into view.
It is wielding a +0 club.
You shoot a sling bullet. The sling bullet hits the kobold!
You kill the kobold!
Your resistance to elements expires.
An ogre comes into view. It is wielding a +0 giant club.
You shoot a sling bullet. The sling bullet hits the ogre.
The ogre shouts!
The ogre is lightly wounded.
You shoot a sling bullet.
The sling bullet hits the ogre but does no damage.
The ogre is lightly wounded.
The ogre hits you with a +0 giant club!
You shoot a sling bullet.
The sling bullet barely misses the ogre.
The ogre closely misses you.
You shoot a sling bullet.
The sling bullet barely misses the ogre.
The ogre hits you with a +0 giant club!!
Ouch! That really hurt!
2425 ||| READING scroll of teleportation.
As you read the scroll of teleportation, it crumbles to dust.
You feel strangely unstable. The ogre closely misses you.
You shoot a sling bullet.
The sling bullet hits the ogre but does no damage.
The ogre is lightly wounded.
You shoot a sling bullet.
The sling bullet completely misses the ogre.
The ogre barely misses you.
You shoot a sling bullet. The sling bullet hits the ogre.
The ogre is lightly wounded.
Your surroundings suddenly seem different.
An endoplasm and 4 gnolls come into view.
Found a potion of attraction.
Found an escape hatch in the ceiling.
The gnoll shouts! x2
The gnoll barely misses you. The gnoll hits you with a +0 spear.
You die...

..#.<#
#.... #...#
#...#
##...#
....# #gg#
#@.# #g..#
!....#
.g.....#
.........#
.#.......##
#.##.....##
# ##.J.##


You could see 4 gnolls and an endoplasm (wandering).

Vanquished Creatures
  An iguana (D:4)
  2 adders
  2 worms
  2 dart slugs
  5 bats
  6 endoplasms
  A giant cockroach (D:1)
  9 goblins
  7 hobgoblins
  6 jackals
  8 kobolds
  3 quokkas
  6 ball pythons
  A frilled lizard (D:1)
  9 rats
68 creatures vanquished.

Notes
Turn   | Place    | Note
-------+----------+-------------------------------------------
     0 | D:1      | qw the Gargoyle Hexslinger began the quest for the Orb.
     0 | D:1      | Reached XP level 1. HP: 12/12 MP: 2/2
     0 | D:1      | 0 ||| qw: Version: 0.3-a-52-g30416fa
     0 | D:1      | 0 ||| qw: Game counter: 5638
     0 | D:1      | 0 ||| qw: Melee chars always use a shield: true
     0 | D:1      | 0 ||| qw: God list: Okawaru
     0 | D:1      | 0 ||| qw: Allow faded altars: false
     0 | D:1      | 0 ||| qw: Do Orc after clearing Dungeon:15 true
     0 | D:1      | 0 ||| qw: Do second Lair branch before Depths: true
     0 | D:1      | 0 ||| qw: Lair rune preference: random
     0 | D:1      | 0 ||| qw: Goals: Normal
     0 | D:1      | 0 ||| PLANNING D:1-11
    64 | D:1      | Reached XP level 2. HP: 14/16 MP: 3/3
   122 | D:1      | Reached skill level 3 in Ranged Weapons
   340 | D:1      | Found a faded altar of an unknown god.
   496 | D:1      | Reached XP level 3. HP: 21/21 MP: 4/4
   692 | D:1      | 692 ||| UPGRADING to +0 ring mail.
   702 | D:1      | 702 ||| DROPPING +0 robe.
   703 | D:1      | 703 ||| READING scroll labelled HOIPNE BUNGEN.
   706 | D:1      | 706 ||| READING scroll labelled YDDOSIU RAWEME.
   707 | D:1      | 707 ||| DROPPING scroll of poison.
   975 | D:2      | Reached XP level 4. HP: 26/26 MP: 5/5
  1206 | D:2      | Found a runed translucent door.
  1207 | D:2      | Noticed Crazy Yiuf
  1232 | D:2      | Reached skill level 4 in Ranged Weapons
  1305 | D:2      | 1305 ||| READING scroll labelled QEWE HANEME.
  1306 | D:2      | 1306 ||| READING scroll labelled WYNLU HUBAUP.
  1306 | D:2      | Identified a scroll of acquirement
  1306 | D:2      | 1306 ||| ACQUIRING 846 gold pieces
  1306 | D:2      | Acquired 846 gold pieces
  1308 | D:2      | 1308 ||| READING 3 scrolls labelled QAUFOTHELI.
  1325 | D:2      | 1325 ||| DROPPING 2 scrolls of torment.
  1428 | D:3      | Identified the +3 leather armour of the Zebra {rElec Dex+3}
  1509 | D:3      | Found a transporter.
  1524 | D:3      | Noticed qw's ghost (amateur MiHs)
  1528 | D:3      | Identified the staff "Hell-Harrower" {rF+ rC++ Will+ Dex+3
                  | Fire}
  1641 | D:3      | Reached skill level 1 in Armour
  1843 | D:3      | Found a transporter.
  2145 | D:3      | Found a shadowy altar of Dithmenos.
  2323 | D:3      | 2323 ||| UPGRADING to +3 leather armour of the Zebra {rElec
                  | Dex+3}.
  2333 | D:3      | 2333 ||| DROPPING +0 ring mail.
  2334 | D:3      | 2334 ||| DROPPING scarf of invisibility.
  2335 | D:3      | 2335 ||| UPGRADING to scarf of resistance.
  2340 | D:3      | 2340 ||| UPGRADING to amulet of faith.
  2345 | D:3      | 2345 ||| UPGRADING to +6 ring of dexterity.
  2346 | D:3      | 2346 ||| DRINKING 2 bubbling blue potions.
  2347 | D:3      | 2347 ||| DRINKING 2 amethyst potions.
  2348 | D:3      | 2348 ||| DROPPING potion of attraction.
  2387 | D:4      | Reached XP level 5. HP: 26/30 MP: 6/6
  2420 | D:4      | Noticed an ogre
  2424 | D:4      | HP: 3/30 [ogre/+0 giant club (18)]
  2425 | D:4      | 2425 ||| READING scroll of teleportation.
  2428 | D:4      | Slain by a gnoll

Levels and vault maps discovered:
D:1:      nzn_arrival_depleted_hourglass, layout_loops_ring,
          chequers_ecumenical_altar_simple
D:2:      layout_rooms, chequers_serial_rivers_micro_a, st_stairs_9,
          nicolae_figureground_sparkle, uniq_crazy_yiuf_cottage
D:3:      layout_basic, lemuel_coloured_pillars_altar, gammafunk_ghost_arena,
          hangedman_decor_growths, serial_bayou_lake_a
D:4:      minmay_spotlight, layout_loops_ring, minmay_misc_feat_columns,
          due_unseen_surprise

Skill      XL: |  1  2  3  4 |
---------------+-------------+-----
Ranged Weapons | 3 4 |  4.6
Fighting       | 2 |  2.0
Armour         | 1 |  1.3
Dodging        | |  1.5
Spellcasting   | |  1.0
Hexes          | |  2.6

Action                     |  1- 3 |  4- 6 || total
---------------------------+-------+-------++-------
   Fire: Sling             |   114 |   105 ||   219
    Use: Scroll            |     2 |     4 ||     6
         Potion            |       |     2 ||     2
 Armour: Robe              |     8 |       ||     8
         Ring mail         |    18 |    24 ||    42
         Leather armour    |       |     5 ||     5
  Dodge: Dodged            |    49 |    30 ||    79

Table legend:
 A = Non-vault XP
 B = Vault XP
 C = Vault XP percentage of total XP
 D = Non-vault monster count
 E = Vault monster count
 F = Vault count percentage of total count
                 A         B        C        D         E       F
            +---------+---------+-------+---------+---------+-------
      Total |     177 |       4 |   2.2 |      66 |       2 |   2.9
            +---------+---------+-------+---------+---------+-------
        D:1 |      43 |       0 |   0.0 |      23 |       0 |   0.0
        D:2 |      45 |       4 |   8.2 |      22 |       2 |   8.3
        D:3 |      43 |       0 |   0.0 |      16 |       0 |   0.0
        D:4 |      46 |       0 |   0.0 |       5 |       0 |   0.0
            +---------+---------+-------+---------+---------+-------
